[Event "SVK-ch Open 2018"]
[Site "Banska Stiavnica"]
[Date "2018.07.15"]
[Round "9"]
[White "Petran, Peter"]
[Black "Cech, Dominik"]
[Result "1/2-1/2"]
[ECO "E63"]
[WhiteElo "2302"]
[BlackElo "2151"]
[Annotator "NA"]
[PlyCount "96"]
[EventDate "2018.07.07"]
[EventType "swiss"]
[EventCountry "SVK"]
[SourceTitle "playchess.com"]
[Source "ChessBase"]
[SourceQuality "1"]
[TimeControl "40/5400+30:1800+30"]

1. d4 Nf6 2. c4 g6 3. g3 Bg7 4. Bg2 O-O 5. Nc3 d6 6. Nf3 Nc6 7. O-O a6 8. Qc2 Rb8 9. Rd1 Bd7 10. e4 e5 11. d5 Na5 12. Ne2 b5 13. c5 dxc5 14. Nxe5 Qe7 15. Nxd7 Nxd7 16. f4 c4 17. e5 Qc5+ 18. Kh1 Nxe5 19. fxe5 Bxe5 20. Bf4 Rfe8 21. Bxe5 Rxe5 22. Nf4 Qd6 23. h4 Rbe8 24. Kh2 h6 25. Qf2 b4 26. Rf1 Qe7 27. Rad1 Qf6 28. Qd2 Qd6 29. Qf2 R8e7 30. Rd2 g5 31. hxg5 hxg5 32. Ne2 c3 33. Rc2 Nc4 34. Rfc1 Ne3 35. Kg1 Nxc2 36. Rxc2 Qg6 37. Nd4 Re1+ 38. Bf1 Qd3 39. bxc3 bxc3 40. Nf5 Rxf1+ 41. Qxf1 Qxc2 42. Nxe7+ Kf8 43. Qf6 Qd1+ 44. Kf2 Qd2+ 45. Kg1 Qe1+ 46. Kh2 Qe2+ 47. Kg1 Qe1+ 48. Kh2 Qe2+ 1/2-1/2

[Event "SVK-ch Open 2018"]
[Site "Banska Stiavnica"]
[Date "2018.07.15"]
[Round "9"]
[White "Stockova, Zuzana"]
[Black "Demeter, Peter"]
[Result "1-0"]
[ECO "B77"]
[WhiteElo "2301"]
[BlackElo "2146"]
[Annotator "NA"]
[PlyCount "105"]
[EventDate "2018.07.07"]
[EventType "swiss"]
[EventCountry "SVK"]
[SourceTitle "playchess.com"]
[Source "ChessBase"]
[SourceQuality "1"]
[TimeControl "40/5400+30:1800+30"]

1. e4 c5 2. Nf3 d6 3. d4 cxd4 4. Nxd4 Nf6 5. Nc3 g6 6. Be3 Bg7 7. f3 O-O 8. Bc4 Nc6 9. Qd2 Bd7 10. Bb3 Qa5 11. O-O-O Rfc8 12. Kb1 Ne5 13. h4 Nc4 14. Bxc4 Rxc4 15. h5 Rac8 16. hxg6 fxg6 17. Nb3 Qe5 18. Bd4 Qe6 19. g4 Qf7 20. Qh2 b5 21. Rd2 e5 22. Be3 Rxc3 23. bxc3 Rxc3 24. Bg5 Rxf3 25. Bxf6 Bxf6 26. Rxd6 Bg5 27. Rhd1 Bxg4 28. Qxe5 Be7 29. Rd8+ Bf8 30. Qxb5 Rf2 31. R1d2 Rxd2 32. Nxd2 h5 33. Rb8 Be6 34. Rb7 Qf4 35. Qe8 Bf7 36. Qd7 Qf2 37. c3 Bg7 38. Kc2 Qf6 39. Qc7 Bxa2 40. Rxa7 Be6 41. Rb7 h4 42. Rb1 g5 43. Rf1 Qg6 44. Kb2 Qe8 45. Qc5 g4 46. Ra1 h3 47. Qc7 Qb5+ 48. Kc2 Qe5 49. Qd8+ Kh7 50. Ra5 Qxc3+ 51. Kd1 Qf6 52. Rh5+ Bh6 53. Qxf6 1-0

[Event "SVK-ch Open 2018"]
[Site "Banska Stiavnica"]
[Date "2018.07.15"]
[Round "9"]
[White "Chmiel, Marcin"]
[Black "Ferkova, Dominika"]
[Result "1/2-1/2"]
[ECO "B19"]
[WhiteElo "2249"]
[BlackElo "2053"]
[Annotator "NA"]
[PlyCount "71"]
[EventDate "2018.07.07"]
[EventType "swiss"]
[EventCountry "SVK"]
[SourceTitle "playchess.com"]
[Source "ChessBase"]
[SourceQuality "1"]
[TimeControl "40/5400+30:1800+30"]

1. e4 c6 2. d4 d5 3. Nd2 dxe4 4. Nxe4 Bf5 5. Ng3 Bg6 6. h4 h6 7. Nf3 Nd7 8. h5 Bh7 9. Bd3 Bxd3 10. Qxd3 e6 11. Bd2 Ngf6 12. O-O-O Be7 13. Ne4 Nxe4 14. Qxe4 Nf6 15. Qe2 Qd5 16. c4 Qe4 17. Qxe4 Nxe4 18. Be3 O-O 19. Ne5 Rfd8 20. g4 c5 21. dxc5 Bxc5 22. Bxc5 Nxc5 23. Kc2 Kf8 24. b4 Ne4 25. f3 Nf6 26. Rxd8+ Rxd8 27. Rd1 Rxd1 28. Kxd1 Ke7 29. Kd2 Nd7 30. f4 Nxe5 31. fxe5 f6 32. Ke3 Kd7 33. Kd4 b6 34. a4 a6 35. b5 axb5 36. axb5 1/2-1/2

[Event "SVK-ch Open 2018"]
[Site "Banska Stiavnica"]
[Date "2018.07.15"]
[Round "9"]
[White "Ruckschloss, Karol"]
[Black "Talla, Vladimir"]
[Result "0-1"]
[ECO "A22"]
[WhiteElo "2245"]
[BlackElo "2402"]
[Annotator "NA"]
[PlyCount "70"]
[EventDate "2018.07.07"]
[EventType "swiss"]
[EventCountry "SVK"]
[SourceTitle "playchess.com"]
[Source "ChessBase"]
[SourceQuality "1"]
[TimeControl "40/5400+30:1800+30"]

1. c4 e5 2. Nc3 Nf6 3. g3 d5 4. cxd5 Nxd5 5. Bg2 Nb6 6. Nf3 Nc6 7. b3 Be7 8. Bb2 O-O 9. O-O Bg4 10. Rc1 Qd7 11. Ne4 f6 12. d3 a5 13. Qc2 a4 14. Nc5 Bxc5 15. Qxc5 axb3 16. axb3 Ra2 17. Rc2 Qd6 18. Rb1 Rfa8 19. h3 Bh5 20. g4 Bf7 21. Nd2 Nd5 22. Ne4 Qd8 23. Rd2 Nf4 24. Bf1 Bxb3 25. Bc3 Ne6 26. Qe3 Ncd4 27. Bxd4 exd4 28. Qf3 Bd5 29. Rxa2 Rxa2 30. Qf5 b6 31. Bg2 Ra5 32. h4 Ba2 33. Rb5 g6 34. Nxf6+ Kf7 35. Qe5 Rxb5 0-1

[Event "SVK-ch Open 2018"]
[Site "Banska Stiavnica"]
[Date "2018.07.15"]
[Round "9"]
[White "Seres, Bela"]
[Black "Chrenko, Kristian"]
[Result "1-0"]
[ECO "A01"]
[WhiteElo "2212"]
[BlackElo "1992"]
[Annotator "NA"]
[PlyCount "113"]
[EventDate "2018.07.07"]
[EventType "swiss"]
[EventCountry "SVK"]
[SourceTitle "playchess.com"]
[Source "ChessBase"]
[SourceQuality "1"]
[TimeControl "40/5400+30:1800+30"]

1. b3 d5 2. Bb2 Nf6 3. e3 e6 4. f4 c5 5. Nf3 Nc6 6. Bb5 Bd7 7. O-O Qc7 8. a3 Bd6 9. Nc3 a6 10. Bxc6 Bxc6 11. Ne2 Qe7 12. Ne5 h5 13. Nc1 O-O-O 14. Nxc6 bxc6 15. Nd3 Kb7 16. c4 Bc7 17. b4 Ne4 18. Qc2 Ka7 19. Nxc5 Nxc5 20. bxc5 f6 21. cxd5 exd5 22. Bd4 Rb8 23. Rab1 Qd7 24. Rb4 Rxb4 25. axb4 Rb8 26. Bc3 f5 27. Ra1 Rb5 28. Qa4 a5 29. bxa5 Ka6 30. Qd4 g6 31. Qh8 Rb8 32. Qf6 Qe8 33. Be5 Bd8 34. Qd6 Rb7 35. Bc3 Bc7 36. Qf6 Bd8 37. Qd4 Rb5 38. Qd3 Qe4 39. Qe2 Be7 40. Bd4 Qe6 41. Rc1 Bd8 42. Be5 Qc8 43. Qd3 Ka7 44. a6 Qxa6 45. Bc3 Qc8 46. Qd4 Qe6 47. Ra1+ Kb7 48. Qh8 Qe7 49. Be5 Rxc5 50. Qg8 g5 51. Bd4 Ra5 52. Rb1+ Kc8 53. fxg5 Rb5 54. Rxb5 cxb5 55. Qxd5 Qxg5 56. Qxb5 h4 57. Be5 1-0

[Event "SVK-ch Open 2018"]
[Site "Banska Stiavnica"]
[Date "2018.07.15"]
[Round "9"]
[White "Kanakova, Natalie"]
[Black "Bakalar, Jan"]
[Result "1-0"]
[ECO "A30"]
[WhiteElo "2206"]
[BlackElo "1998"]
[Annotator "NA"]
[PlyCount "81"]
[EventDate "2018.07.07"]
[EventType "swiss"]
[EventCountry "SVK"]
[SourceTitle "playchess.com"]
[Source "ChessBase"]
[SourceQuality "1"]
[TimeControl "40/5400+30:1800+30"]

1. c4 Nf6 2. Nc3 e6 3. Nf3 c5 4. g3 b6 5. Bg2 Bb7 6. O-O Be7 7. b3 O-O 8. Bb2 a6 9. e3 Qc7 10. Rc1 d6 11. d4 Nbd7 12. Re1 Rac8 13. h3 Qb8 14. d5 e5 15. e4 b5 16. cxb5 axb5 17. Nxb5 Ba6 18. Na3 c4 19. Bf1 Nc5 20. Bxc4 Ncxe4 21. Bxa6 Qa7 22. Qe2 Nxg3 23. Qe3 Qxa6 24. fxg3 Nxd5 25. Qe2 Qa7+ 26. Kh1 Ra8 27. Rc4 Qd7 28. Kh2 f5 29. Qd2 Nb6 30. Rc2 Qb7 31. Qe2 d5 32. Qxe5 Bf6 33. Qe6+ Kh8 34. Bxf6 Rxf6 35. Qe8+ Rf8 36. Qc6 Qxc6 37. Rxc6 Nd7 38. Nc2 Rxa2 39. Nfd4 f4 40. gxf4 Nf6 41. Ra1 1-0

[Event "SVK-ch Open 2018"]
[Site "Banska Stiavnica"]
[Date "2018.07.15"]
[Round "9"]
[White "Bombek, Peter"]
[Black "Franzen, Jozef"]
[Result "1/2-1/2"]
[ECO "A49"]
[WhiteElo "2201"]
[BlackElo "2256"]
[Annotator "NA"]
[PlyCount "82"]
[EventDate "2018.07.07"]
[EventType "swiss"]
[EventCountry "SVK"]
[SourceTitle "playchess.com"]
[Source "ChessBase"]
[SourceQuality "1"]
[TimeControl "40/5400+30:1800+30"]

1. d4 Nf6 2. Nf3 g6 3. g3 Bg7 4. Bg2 O-O 5. O-O d6 6. a4 Nbd7 7. a5 c6 8. Nc3 Qc7 9. b3 Re8 10. Bb2 e5 11. dxe5 dxe5 12. Qc1 Nc5 13. Qe3 Nfd7 14. Rfd1 f5 15. Ba3 b6 16. Bxc5 Nxc5 17. axb6 Qxb6 18. b4 Nd7 19. Qxb6 Nxb6 20. Na4 Ba6 21. e4 Nxa4 22. Rxa4 Bb5 23. Raa1 Rad8 24. Bf1 fxe4 25. Ng5 Bxf1 26. Kxf1 e3 27. Rxd8 Rxd8 28. fxe3 Bh6 29. h4 Bxg5 30. hxg5 Rd2 31. Rxa7 Rxc2 32. Rc7 Rc4 33. Kf2 Rxb4 34. Rxc6 Rg4 35. Rc8+ Kf7 36. Rc7+ Ke6 37. Rxh7 Rxg5 38. e4 Rh5 39. Ra7 Rh1 40. Ra6+ Kf7 41. Kf3 Rf1+ 1/2-1/2

[Event "SVK-ch Open 2018"]
[Site "Banska Stiavnica"]
[Date "2018.07.15"]
[Round "9"]
[White "Kostolansky, Sebastian Lukas"]
[Black "Budinsky, Jozef"]
[Result "1-0"]
[ECO "C77"]
[WhiteElo "2197"]
[BlackElo "1931"]
[Annotator "NA"]
[PlyCount "47"]
[EventDate "2018.07.07"]
[EventType "swiss"]
[EventCountry "SVK"]
[SourceTitle "playchess.com"]
[Source "ChessBase"]
[SourceQuality "1"]
[TimeControl "40/5400+30:1800+30"]

1. e4 e5 2. Nf3 Nc6 3. Bb5 a6 4. Ba4 Nf6 5. d3 Be7 6. Bxc6 dxc6 7. Nxe5 O-O 8. O-O Be6 9. Nd2 Ne8 10. f4 f6 11. Nef3 c5 12. Qe2 c6 13. b3 Nc7 14. Bb2 Re8 15. Rae1 Bf8 16. Qf2 Kh8 17. f5 Bd7 18. e5 Nd5 19. exf6 Nxf6 20. Ng5 Kg8 21. Nde4 Nxe4 22. Nxe4 Kh8 23. f6 Qc7 24. fxg7+ 1-0

[Event "SVK-ch Open 2018"]
[Site "Banska Stiavnica"]
[Date "2018.07.15"]
[Round "9"]
[White "Jozefek, Michal"]
[Black "Mrvova, Alena"]
[Result "1-0"]
[ECO "D35"]
[WhiteElo "2182"]
[BlackElo "2202"]
[Annotator "NA"]
[PlyCount "89"]
[EventDate "2018.07.07"]
[EventType "swiss"]
[EventCountry "SVK"]
[SourceTitle "playchess.com"]
[Source "ChessBase"]
[SourceQuality "1"]
[TimeControl "40/5400+30:1800+30"]

1. d4 d5 2. c4 e6 3. Nc3 Nf6 4. cxd5 exd5 5. Bg5 Be7 6. e3 c6 7. Bd3 h6 8. Bh4 Ne4 9. Bxe7 Qxe7 10. Nge2 Nd7 11. Bxe4 dxe4 12. Ng3 Nf6 13. Qc2 O-O 14. Ngxe4 Bf5 15. Nxf6+ Qxf6 16. Qd2 Rfe8 17. O-O Rad8 18. Rad1 Qg5 19. Ne2 Bg4 20. Rde1 Bxe2 21. Qxe2 Rxd4 22. exd4 Rxe2 23. Rxe2 Qf6 24. Rd1 Qd6 25. h3 Kh7 26. b3 Kg6 27. Rd3 Kh7 28. d5 cxd5 29. Red2 Qe5 30. Rxd5 Qe1+ 31. Kh2 a6 32. Rd7 b5 33. Rc2 Qe5+ 34. g3 Qf5 35. Rcd2 Qf3 36. Ra7 Qf6 37. Kg1 Kg6 38. Rdd7 Qa1+ 39. Kg2 Qxa2 40. Rxf7 Qxb3 41. Rxg7+ Kf6 42. Rgc7 Qe6 43. Rh7 Qd5+ 44. Kh2 Qa2 45. Rxa6+ 1-0

[Event "SVK-ch Open 2018"]
[Site "Banska Stiavnica"]
[Date "2018.07.15"]
[Round "9"]
[White "Hrbek, Stepan"]
[Black "Dylag, Emilia"]
[Result "0-1"]
[ECO "B90"]
[WhiteElo "2129"]
[BlackElo "1935"]
[Annotator "NA"]
[PlyCount "72"]
[EventDate "2018.07.07"]
[EventType "swiss"]
[EventCountry "SVK"]
[SourceTitle "playchess.com"]
[Source "ChessBase"]
[SourceQuality "1"]
[TimeControl "40/5400+30:1800+30"]

1. e4 c5 2. Nf3 d6 3. d4 cxd4 4. Nxd4 Nf6 5. Nc3 a6 6. Be3 e5 7. Nb3 Be7 8. f3 Be6 9. Qd2 O-O 10. O-O-O a5 11. Bb5 Na6 12. Qf2 Qb8 13. Bb6 Nc7 14. a4 Rc8 15. Kb1 Nxb5 16. Nxb5 Ra6 17. Rd2 Nd7 18. Ba7 Qa8 19. Be3 Rc4 20. Rhd1 Qb8 21. Nc3 Rxc3 22. bxc3 b5 23. axb5 Qxb5 24. Rd5 Qb7 25. Qe2 a4 26. Qb5 Qxb5 27. Rxb5 axb3 28. cxb3 h6 29. b4 Bg5 30. Bxg5 hxg5 31. Rb7 Rc6 32. Kc2 Ra6 33. b5 Ra2+ 34. Kb1 Rxg2 35. b6 Nc5 36. Rc7 Ba2+ 0-1

[Event "SVK-ch Open 2018"]
[Site "Banska Stiavnica"]
[Date "2018.07.15"]
[Round "9"]
[White "Bochnicka, Vladimir"]
[Black "Sikora, Jan"]
[Result "1/2-1/2"]
[ECO "B94"]
[WhiteElo "2092"]
[BlackElo "2209"]
[Annotator "NA"]
[PlyCount "83"]
[EventDate "2018.07.07"]
[EventType "swiss"]
[EventCountry "SVK"]
[SourceTitle "playchess.com"]
[Source "ChessBase"]
[SourceQuality "1"]
[TimeControl "40/5400+30:1800+30"]

1. e4 c5 2. Nf3 d6 3. d4 cxd4 4. Nxd4 Nf6 5. Nc3 a6 6. Bg5 Nbd7 7. Qe2 b5 8. f4 e5 9. fxe5 dxe5 10. O-O-O Qc7 11. Nf5 h6 12. Bh4 g6 13. Ne3 Bb7 14. g4 b4 15. Ncd5 Nxd5 16. Nxd5 Bxd5 17. exd5 Bd6 18. Bg2 Rc8 19. Kb1 a5 20. Rhf1 a4 21. Be4 O-O 22. Bf6 Nxf6 23. Rxf6 Kg7 24. Rdf1 Qe7 25. Qf3 a3 26. b3 Rc3 27. Qf2 Rh3 28. Qb6 Bc5 29. Rxg6+ Kh8 30. Rxh6+ Kg7 31. Qf6+ Qxf6 32. Rhxf6 Rxh2 33. d6 Rd2 34. Bd3 e4 35. Bxe4 Rxd6 36. R6f5 Be3 37. Rb5 Rfd8 38. Bd3 Rd4 39. g5 R8d5 40. Rb7 Rd7 41. Rb5 R7d5 42. Rb7 1/2-1/2

[Event "SVK-ch Open 2018"]
[Site "Banska Stiavnica"]
[Date "2018.07.15"]
[Round "9"]
[White "Lukac, Roman"]
[Black "Sarkozy, Ladislav"]
[Result "1/2-1/2"]
[ECO "B77"]
[WhiteElo "2089"]
[BlackElo "2247"]
[Annotator "NA"]
[PlyCount "26"]
[EventDate "2018.07.07"]
[EventType "swiss"]
[EventCountry "SVK"]
[SourceTitle "playchess.com"]
[Source "ChessBase"]
[SourceQuality "1"]
[TimeControl "40/5400+30:1800+30"]

1. e4 c5 2. Nf3 d6 3. d4 cxd4 4. Nxd4 Nf6 5. Nc3 g6 6. f3 Bg7 7. Be3 Nc6 8. Qd2 O-O 9. Bc4 Bd7 10. Bb3 Rc8 11. h4 h5 12. O-O-O Ne5 13. Bg5 Rc5 1/2-1/2

[Event "SVK-ch Open 2018"]
[Site "Banska Stiavnica"]
[Date "2018.07.15"]
[Round "9"]
[White "Odler, Daniel"]
[Black "Gombar, Peter"]
[Result "1/2-1/2"]
[ECO "B00"]
[WhiteElo "2067"]
[BlackElo "1974"]
[Annotator "NA"]
[PlyCount "58"]
[EventDate "2018.07.07"]
[EventType "swiss"]
[EventCountry "SVK"]
[SourceTitle "playchess.com"]
[Source "ChessBase"]
[SourceQuality "1"]
[TimeControl "40/5400+30:1800+30"]

1. e4 b6 2. c4 Bb7 3. Nc3 e5 4. Nf3 Nc6 5. d4 exd4 6. Nxd4 Nxd4 7. Qxd4 Qf6 8. Be3 Bc5 9. Qxf6 Nxf6 10. Bxc5 bxc5 11. f3 O-O-O 12. g4 g5 13. h4 h6 14. Rd1 d6 15. Rd2 Nd7 16. Rdh2 Ne5 17. Kf2 Rhg8 18. hxg5 hxg5 19. Rh7 Rg6 20. Be2 Rdg8 21. Kg3 Kd8 22. b3 Bc6 23. Nd1 Bd7 24. Ne3 Be6 25. R1h6 Rxh6 26. Rxh6 Ng6 27. Ng2 Ne5 28. Rh7 Ke8 29. Ne3 Ng6 1/2-1/2

[Event "SVK-ch Open 2018"]
[Site "Banska Stiavnica"]
[Date "2018.07.15"]
[Round "9"]
[White "Bojda, Lubomir"]
[Black "Molnar, Erno"]
[Result "1/2-1/2"]
[ECO "A48"]
[WhiteElo "2064"]
[BlackElo "2231"]
[Annotator "NA"]
[PlyCount "60"]
[EventDate "2018.07.07"]
[EventType "swiss"]
[EventCountry "SVK"]
[SourceTitle "playchess.com"]
[Source "ChessBase"]
[SourceQuality "1"]
[TimeControl "40/5400+30:1800+30"]

1. d4 Nf6 2. Nf3 g6 3. Nbd2 d5 4. c4 Bg7 5. e3 O-O 6. Qb3 e6 7. Be2 b6 8. O-O Bb7 9. cxd5 exd5 10. Ne5 Nbd7 11. f4 c5 12. Bf3 Rc8 13. Rd1 Qe7 14. Nf1 Rc7 15. Bd2 Rfc8 16. Qa3 Ba8 17. Rac1 Bf8 18. Qa6 Bb7 19. Qe2 a5 20. Qe1 c4 21. h3 Ne4 22. Bxe4 dxe4 23. Nxd7 Qxd7 24. a3 Bd5 25. Ng3 Rb7 26. Ne2 Be7 27. Qf1 Bd8 28. Nc3 b5 29. Qe1 Ra8 30. Qe2 Rc8 1/2-1/2

[Event "SVK-ch Open 2018"]
[Site "Banska Stiavnica"]
[Date "2018.07.15"]
[Round "9"]
[White "Bartek, Ladislav"]
[Black "Brnusak, Tomas"]
[Result "1/2-1/2"]
[ECO "B44"]
[WhiteElo "2049"]
[BlackElo "1910"]
[Annotator "NA"]
[PlyCount "83"]
[EventDate "2018.07.07"]
[EventType "swiss"]
[EventCountry "SVK"]
[SourceTitle "playchess.com"]
[Source "ChessBase"]
[SourceQuality "1"]
[TimeControl "40/5400+30:1800+30"]

1. e4 c5 2. Nf3 e6 3. d4 cxd4 4. Nxd4 Nc6 5. Nb5 d6 6. Bf4 e5 7. Be3 Nf6 8. Bg5 Be6 9. Bxf6 gxf6 10. Nd2 a6 11. Nc3 f5 12. Bc4 Qg5 13. Bxe6 fxe6 14. exf5 Qxf5 15. Nde4 d5 16. Ng3 Qg6 17. Qh5 O-O-O 18. Qxg6 hxg6 19. O-O-O Bc5 20. f3 b5 21. a3 Kb7 22. Kb1 Rh4 23. h3 b4 24. axb4 Rxb4 25. Na2 Rh4 26. Rd3 Kc7 27. Ne2 Nb4 28. Nxb4 Rxb4 29. c3 Rb6 30. Kc2 Rdb8 31. b4 Bd6 32. Rc1 Rc6 33. Kd1 Rc4 34. Ra1 Rb6 35. Rd2 Kb7 36. Rc2 e4 37. fxe4 Rxe4 38. Kd2 Bf4+ 39. Nxf4 Rxf4 40. Ke3 e5 41. Rf2 Rbf6 42. Raf1 1/2-1/2

[Event "SVK-ch Open 2018"]
[Site "Banska Stiavnica"]
[Date "2018.07.15"]
[Round "9"]
[White "Posa, Norbert"]
[Black "Lintner, Igor"]
[Result "0-1"]
[ECO "A40"]
[WhiteElo "2036"]
[BlackElo "2173"]
[Annotator "NA"]
[PlyCount "58"]
[EventDate "2018.07.07"]
[EventType "swiss"]
[EventCountry "SVK"]
[SourceTitle "playchess.com"]
[Source "ChessBase"]
[SourceQuality "1"]
[TimeControl "40/5400+30:1800+30"]

1. d4 e6 2. Bf4 Nf6 3. Nf3 c5 4. c3 d5 5. e3 Nc6 6. Nbd2 Be7 7. Bd3 O-O 8. h3 a6 9. a4 b6 10. O-O Bb7 11. Ne5 Nxe5 12. Bxe5 Qe8 13. Re1 Nd7 14. Qg4 g6 15. Bf4 f5 16. Qg3 Bf6 17. Nf3 Kh8 18. Bh6 Rg8 19. Ng5 e5 20. h4 Qe7 21. f4 e4 22. Be2 Bg7 23. Bxg7+ Rxg7 24. h5 h6 25. Nh3 gxh5 26. Qf2 Rag8 27. Bxh5 Nf6 28. Qh4 Rxg2+ 29. Kf1 Ng4 0-1

[Event "SVK-ch Open 2018"]
[Site "Banska Stiavnica"]
[Date "2018.07.15"]
[Round "9"]
[White "Toma, Rudolf"]
[Black "Jencopala, Alexander"]
[Result "0-1"]
[ECO "A88"]
[WhiteElo "2018"]
[BlackElo "1943"]
[Annotator "NA"]
[PlyCount "102"]
[EventDate "2018.07.07"]
[EventType "swiss"]
[EventCountry "SVK"]
[SourceTitle "playchess.com"]
[Source "ChessBase"]
[SourceQuality "1"]
[TimeControl "40/5400+30:1800+30"]

1. d4 f5 2. c4 Nf6 3. Nc3 d6 4. g3 g6 5. Bg2 Bg7 6. Nf3 O-O 7. O-O c6 8. Qc2 Qc7 9. e4 e5 10. dxe5 dxe5 11. c5 Qe7 12. b4 fxe4 13. Ng5 Bf5 14. Ngxe4 Nxe4 15. Nxe4 a5 16. Be3 axb4 17. Qb3+ Be6 18. Qxb4 b5 19. a3 Ra4 20. Qb2 Bd5 21. Nc3 Bxg2 22. Nxa4 Bxf1 23. Rxf1 bxa4 24. Qb4 Qa7 25. Rd1 Qc7 26. Qxa4 Rd8 27. Rb1 Nd7 28. Rd1 Nf6 29. Rxd8+ Qxd8 30. Qxc6 Qd1+ 31. Kg2 Qd5+ 32. Qxd5+ Nxd5 33. c6 Bf8 34. Kf3 Kf7 35. Ke4 Ke6 36. Ba7 Bxa3 37. f4 exf4 38. gxf4 Bd6 39. Bd4 Nxf4 40. h4 Nh5 41. Bb6 Nf6+ 42. Kf3 Nd5 43. Ba5 Ne7 44. c7 Kd7 45. c8=Q+ Nxc8 46. Kg4 Be7 47. Bc3 h5+ 48. Kg3 Nd6 49. Kh3 Nf5 50. Be1 Ke6 51. Bf2 Bxh4 0-1

[Event "SVK-ch Open 2018"]
[Site "Banska Stiavnica"]
[Date "2018.07.15"]
[Round "9"]
[White "Milcova, Zuzana"]
[Black "Slaba, Andrea"]
[Result "1/2-1/2"]
[ECO "A45"]
[WhiteElo "2002"]
[BlackElo "1936"]
[Annotator "NA"]
[PlyCount "85"]
[EventDate "2018.07.07"]
[EventType "swiss"]
[EventCountry "SVK"]
[SourceTitle "playchess.com"]
[Source "ChessBase"]
[SourceQuality "1"]
[TimeControl "40/5400+30:1800+30"]

1. d4 Nf6 2. g3 g6 3. Bg2 d5 4. Nf3 Bg7 5. O-O O-O 6. Nbd2 c6 7. c4 Bf5 8. b3 Ne4 9. Bb2 Nxd2 10. Nxd2 Na6 11. a3 Nc7 12. Ra2 Qd7 13. Re1 Rad8 14. cxd5 cxd5 15. b4 Nb5 16. Nb3 b6 17. a4 Nc7 18. Qd2 Ne6 19. Ba1 Rc8 20. f3 Nc7 21. e4 dxe4 22. fxe4 Bh3 23. a5 Bxg2 24. Kxg2 f5 25. Qd3 fxe4 26. Qxe4 Qd5 27. Nc1 Bf6 28. axb6 axb6 29. Qxd5+ Nxd5 30. Nd3 Rc4 31. Ra7 Nxb4 32. Nxb4 Rxb4 33. d5 Bxa1 34. Raxa1 Rb2+ 35. Kh3 Rf7 36. Ra8+ Kg7 37. Re8 Rd2 38. Rd8 b5 39. Re6 b4 40. Rd7 Kf8 41. Rb7 Rxd5 42. Rb8+ Kg7 43. Rxb4 1/2-1/2

[Event "SVK-ch Open 2018"]
[Site "Banska Stiavnica"]
[Date "2018.07.15"]
[Round "9"]
[White "Antal, Jozsef"]
[Black "Ucekajova, Veronika"]
[Result "1/2-1/2"]
[ECO "C06"]
[WhiteElo "1995"]
[BlackElo "1757"]
[Annotator "NA"]
[PlyCount "69"]
[EventDate "2018.07.07"]
[EventType "swiss"]
[EventCountry "SVK"]
[SourceTitle "playchess.com"]
[Source "ChessBase"]
[SourceQuality "1"]
[TimeControl "40/5400+30:1800+30"]

1. e4 e6 2. d4 d5 3. Nd2 Nf6 4. e5 Nfd7 5. Bd3 c5 6. c3 Nc6 7. Ne2 cxd4 8. cxd4 f6 9. Nf4 Nxd4 10. Qh5+ Ke7 11. Ng6+ hxg6 12. exf6+ gxf6 13. Qxh8 Ne5 14. Qh7+ Kd6 15. Bxg6 Nxg6 16. Qxg6 e5 17. g4 Bxg4 18. Qxg4 Nc2+ 19. Ke2 Nxa1 20. Nc4+ Kc7 21. Be3 Qd7 22. Nxe5 fxe5 23. Qxd7+ Kxd7 24. Rxa1 Rc8 25. Rd1 Rc2+ 26. Rd2 Rxd2+ 27. Bxd2 Ke6 28. f3 Be7 29. b3 Kf5 30. Be1 a6 31. Bg3 e4 32. Bf2 Kf4 33. Bg3+ Kf5 34. Bf2 Kf4 35. Bg3+ 1/2-1/2

[Event "SVK-ch Open 2018"]
[Site "Banska Stiavnica"]
[Date "2018.07.15"]
[Round "9"]
[White "Gajdosik, Andrej"]
[Black "Brnusak, Andrej"]
[Result "1-0"]
[ECO "E71"]
[WhiteElo "1992"]
[BlackElo "1866"]
[Annotator "NA"]
[PlyCount "93"]
[EventDate "2018.07.07"]
[EventType "swiss"]
[EventCountry "SVK"]
[SourceTitle "playchess.com"]
[Source "ChessBase"]
[SourceQuality "1"]
[TimeControl "40/5400+30:1800+30"]

1. d4 Nf6 2. c4 g6 3. Nc3 Bg7 4. e4 d6 5. h3 O-O 6. Be3 c6 7. f4 e5 8. fxe5 dxe5 9. d5 Nh5 10. Nge2 cxd5 11. Qxd5 Nc6 12. O-O-O Be6 13. Qxd8 Rfxd8 14. Nd5 h6 15. g4 Nf6 16. Nec3 Kh7 17. Be2 Rac8 18. Kb1 Ne8 19. Rhf1 Nd6 20. Bd3 b6 21. b3 Rd7 22. Rf2 Na5 23. Rfd2 Nab7 24. Bc2 Rcd8 25. Nb4 Na5 26. Ncd5 Ndb7 27. Na6 Nc6 28. Rf1 Nd6 29. Nac7 Nd4 30. Bxd4 exd4 31. Rdf2 Be5 32. Nxe6 fxe6 33. Nf6+ Bxf6 34. Rxf6 e5 35. Re6 Re8 36. Rff6 Rxe6 37. Rxe6 Nf7 38. Bd3 Rc7 39. h4 g5 40. h5 Kg7 41. Kc2 b5 42. Kb2 bxc4 43. Bxc4 Rb7 44. a4 Nd8 45. Rg6+ Kh7 46. Bg8+ Kh8 47. Bd5 1-0

[Event "SVK-ch Open 2018"]
[Site "Banska Stiavnica"]
[Date "2018.07.15"]
[Round "9"]
[White "Budinsky, Martin"]
[Black "Bango, Lukas"]
[Result "0-1"]
[ECO "B50"]
[WhiteElo "1985"]
[BlackElo "2148"]
[Annotator "NA"]
[PlyCount "132"]
[EventDate "2018.07.07"]
[EventType "swiss"]
[EventCountry "SVK"]
[SourceTitle "playchess.com"]
[Source "ChessBase"]
[SourceQuality "1"]
[TimeControl "40/5400+30:1800+30"]

1. e4 c5 2. Nf3 d6 3. Bc4 Nf6 4. d3 e6 5. c3 Be7 6. Nbd2 O-O 7. Bb3 Nc6 8. O-O b5 9. Re1 e5 10. h3 Be6 11. Bxe6 fxe6 12. Qb3 Qd7 13. Qxb5 Rab8 14. Qa4 Nh5 15. Nc4 Qe8 16. Qd1 Qg6 17. d4 cxd4 18. cxd4 Rb4 19. b3 exd4 20. Nxd4 Nxd4 21. Qxd4 Bf6 22. Qxd6 Bc3 23. Bd2 Bxd2 24. Qxd2 Nf4 25. f3 Nxh3+ 26. Kh2 Nf4 27. Rad1 Rb5 28. e5 Rd5 29. Qf2 Nd3 30. Qxa7 Nxe1 31. Rxe1 h5 32. Re4 Rd1 33. Qe3 Ra1 34. Qd2 Rxf3 35. gxf3 Qg1+ 36. Kh3 Qh1+ 37. Kg3 Rg1+ 38. Kf4 g5+ 39. Ke3 Re1+ 40. Kd3 Rd1 41. Qxd1 Qxd1+ 42. Nd2 g4 43. fxg4 hxg4 44. Re3 Qg1 45. Ne4 Qb1+ 46. Ke2 Qxa2+ 47. Kf1 Qa1+ 48. Kf2 Qxe5 49. Ng3 Qf4+ 50. Ke2 Kf7 51. Ne4 Kg6 52. b4 Qh2+ 53. Kd3 Qb2 54. Kc4 Qc1+ 55. Rc3 Qf4 56. Kd4 Kf5 57. Re3 g3 58. Kd3 g2 59. Ng3+ Kg4 60. Ne2 Qf1 61. Rg3+ Kh4 62. Rg8 Qf3+ 63. Kd2 e5 64. Rh8+ Kg5 65. Rg8+ Kh6 66. Rg3 Qxg3 0-1

[Event "SVK-ch Open 2018"]
[Site "Banska Stiavnica"]
[Date "2018.07.15"]
[Round "9"]
[White "Pesztericz, Laszlo"]
[Black "Sarkozi, Szabolcs"]
[Result "0-1"]
[ECO "E77"]
[WhiteElo "1980"]
[BlackElo "1808"]
[Annotator "NA"]
[PlyCount "92"]
[EventDate "2018.07.07"]
[EventType "swiss"]
[EventCountry "SVK"]
[SourceTitle "playchess.com"]
[Source "ChessBase"]
[SourceQuality "1"]
[TimeControl "40/5400+30:1800+30"]

1. e4 g6 2. d4 d6 3. c4 Nf6 4. Nc3 Bg7 5. f4 O-O 6. Nf3 c5 7. d5 b5 8. e5 Ng4 9. h3 Nh6 10. Bd3 bxc4 11. Bxc4 Ba6 12. Bxa6 Nxa6 13. O-O Rb8 14. g4 Qc7 15. Qe2 c4 16. Be3 Nb4 17. a4 Nd3 18. Nb5 Qb7 19. Nxa7 Qxd5 20. Nb5 dxe5 21. fxe5 Nxe5 22. Nxe5 Qxe5 23. Rfe1 Qg3+ 24. Qg2 Qxg2+ 25. Kxg2 f5 26. Bxh6 Bxh6 27. Rxe7 fxg4 28. hxg4 Rf4 29. Kg3 Rbf8 30. Ra3 Rf1 31. Re2 Rg1+ 32. Kh3 Bf4 33. Re4 g5 34. Nd4 Rf6 35. Nf5 h5 36. Ne7+ Kf7 37. gxh5 g4+ 38. Kh4 Bd6 39. Nd5 Bxa3 40. Nxf6 Be7 41. Rxe7+ Kxe7 42. Nxg4 Rb1 43. h6 Kf8 44. Ne3 Rxb2 45. Kg5 c3 46. Kg6 Kg8 0-1